 Dungeon Crawl Stone Soup version 0.29-a0-817-g9904bce7a6 (webtiles) character file.

Game seed: 17977685137054132720

9 blackman the Sneak (level 2, 0/24 HPs)
             Began as a Human Delver on July 5, 2022.
             Slain by an ufetubus (2 damage)
             ... on level 5 of the Dungeon.
             The game lasted 00:00:51 (103 turns).

blackman the Sneak (Human Delver)                    Turns: 103, Time: 00:00:52

Health: 0/24       AC:  3    Str: 12    XL:     2   Next: 20%
Magic:  2/2        EV: 12    Int: 10    God:
Gold:   20         SH:  0    Dex: 14    Spells: 1/1 levels left

rFire   . . .      SeeInvis +   a - +0 hand axe
rCold   . . .      Faith    .   (no shield)
rNeg    . . .      Spirit   .   b - +0 leather armour
rPois   .          Reflect  .   (no helmet)
rElec   .          Harm     .   (no cloak)
rCorr   .          Rampage  .   (no gloves)
Will    .....                   (no boots)
Stlth   +++.......              (no amulet)
HPRegen 0.08/turn               i - ring of see invisible
MPRegen 0.08/turn               (no ring)

@: no status effects
A: no striking features
a: no special abilities


You were on level 5 of the Dungeon.
You visited 1 branch of the dungeon, and saw 1 of its levels.

You collected 20 gold pieces.

Inventory:

Hand Weapons
 a - a +0 hand axe (weapon)
Armour
 b - a +0 leather armour (worn)
Jewellery
 i - a ring of see invisible (left hand)
Wands
 g - a wand of digging (3)
 j - a wand of acid (7)
 n - a wand of paralysis (4)
Scrolls
 c - 2 scrolls of fog
 d - a scroll of magic mapping
 e - a scroll of fear
 h - a scroll of amnesia {unknown}
 l - 3 scrolls of identify {unknown}
 m - a scroll of immolation {unknown}
Potions
 f - a potion of haste
 k - a potion of lignification {unknown}


   Skills:
 - Level 3.0 Fighting
 - Level 2.0 Axes
 - Level 2.0 Dodging
 - Level 5.0 Stealth
 * Level 1.7 Evocations


You had one spell level left.
You didn't know any spells.
Your spell library was empty.

Dungeon Overview and Level Annotations

Branches:
Dungeon (5/15)
 Temple: D:4-7

Altars:

Shops:
D:5 (


Message History

Aiming: Paralyse
Press: ? - help, Shift-Dir - straight line, f/p - adder
Aim: an adder (chance to affect: 57%)
The adder suddenly stops moving!
The ufetubus closely misses you. The ufetubus barely misses you.
The ufetubus hits you. x2
The helpless adder fails to defend itself.
You hit the adder.
The adder is moderately wounded.
You hit the ufetubus but do no damage. The ufetubus hits you.
The ufetubus barely misses you. The ufetubus hits you.
* * * LOW HITPOINT WARNING * * *
The ufetubus hits you but does no damage.
The helpless adder fails to defend itself.
You hit the adder.
The adder is almost dead.
You hit the ufetubus. The ufetubus closely misses you.
The ufetubus barely misses you.
The helpless adder fails to defend itself.
You hit the adder.
You kill the adder!
You completely miss the ufetubus. The ufetubus closely misses you.
The ufetubus hits you but does no damage. x2
The ufetubus hits you.
* * * LOW HITPOINT WARNING * * *
Your Evocations skill increases to level 1!
You have reached level 2!
Aiming: Paralyse
Press: ? - help, Shift-Dir - straight line, f - ufetubus
Aim: an ufetubus (chance to affect: 62%)
The ufetubus resists with significant effort.
The ufetubus closely misses you. The ufetubus barely misses you.
The ufetubus hits you.
* * * LOW HITPOINT WARNING * * *
The ufetubus barely misses you.
Aiming: Paralyse
Press: ? - help, Shift-Dir - straight line, f/p - ufetubus
Aim: an ufetubus (chance to affect: 62%)
The ufetubus resists with significant effort.
The ufetubus hits you.
You die...

## ##..........#
##.#.######.....#
##.#.#.## #......
##.#.#.#.## #......
##.#.###.#.###......
##.#.##.##.#.##......
##.#.##.#.##.#.##.....
##.#.##5#.#
##.#.##.<..
##.#.##@#.# ##.#.##...
#l#.##.#..## ##.#.##.#
#.#.##.#.[## ##.#.#..
##.#.##.#..## ##.#.#.
##.#.##..#.## ##....
##.#.##(.#.# ##...
##.#.##..#.# ##..
##.#.#.#.## ###.#
##.#.#.## #....


You could see an ufetubus.

Vanquished Creatures
  An adder (D:5)
1 creature vanquished.

Notes
Turn   | Place    | Note
-------+----------+-------------------------------------------
     0 | D:5      | blackman the Human Delver began the quest for the Orb.
     0 | D:5      | Reached XP level 1. HP: 18/18 MP: 1/1
    36 | D:5      | Noticed a hound
    77 | D:5      | Noticed an iguana
   102 | D:5      | Reached skill level 1 in Evocations
   102 | D:5      | Reached XP level 2. HP: 2/24 MP: 2/2
   102 | D:5      | HP: 1/24 [ufetubus (1)]
   103 | D:5      | Slain by an ufetubus

Illustrated notes

Levels and vault maps discovered:
D:5:      minmay_inner_zag, layout_rooms, regret_index_temple_of_mockery,
          jmf_multi_god_temple2, serial_shops, nicolae_stop_n_shop_2, hex_medium

Skill      XL: |  1 |
---------------+----+-----
Evocations     | 1 |  1.7
Fighting       | |  3.0
Axes           | |  2.0
Dodging        | |  2.0
Stealth        | |  5.0

Action                   || total
-------------------------++-------
Melee: Hand axe          ||     3
Evoke: Wand              ||     5
 Stab: Paralysed         ||     3
Armor: Leather armour    ||     4
Dodge: Dodged            ||    10

Table legend: (Time is in decaauts)
 A = Elapsed time spent in this place.
 B = Non-inter-level travel time spent in this place.
 C = Inter-level travel time spent in this place.
 D = Time resting spent in this place.
 E = Time spent auto-exploring this place.
 F = Levels seen in this place.
 G = Mean time per level.
                   A        B        C        D        E       F      G
               +--------+--------+--------+--------+--------+-----+--------+
         Total |    103 |     93 |     10 |      0 |     16 |   1 |  103.0 |
       Dungeon |    103 |     93 |     10 |      0 |     16 |   1 |  103.0 |
               +--------+--------+--------+--------+--------+-----+--------+

Top non-repeatable levels by time:
     D:5: 103 daAuts
